 Dungeon Crawl Stone Soup version 0.30-a0-718-geaa24f58ff (webtiles) character file.

Game seed: 3126146162008946502

21 BigDaddyOpFi the Sneak (level 2, -2/21 HPs)
             Began as an Octopode Fighter on Jan 25, 2023.
             Slain by a gnoll
             ... wielding a +0 flail
              (3 damage)
             ... on level 2 of the Dungeon.
             The game lasted 00:00:47 (254 turns).

BigDaddyOpFi the Sneak (Octopode Fighter)            Turns: 254, Time: 00:00:48

Health: -2/21      AC:  1    Str: 15    XL:     2   Next: 87%
Magic:  2/2        EV: 13    Int: 10    God:
Gold:   44         SH:  0    Dex: 11    Spells: 1/1 levels left

rFire   . . .      SeeInvis .    a - +0 rapier
rCold   . . .      Faith    .    (no shield)
rNeg    . . .      Spirit   .    (helmet restricted)
rPois   .          Reflect  .    (no amulet)
rElec   .          Harm     .    i - ring of wizardry
rCorr   .          Rampage  .    (no ring)
Will    .....                    (no ring)
Stlth   +++                      (no ring)
HPRegen 0.23/turn                (no ring)
MPRegen 0.08/turn                (no ring)
                                 (no ring)
                                 (no ring)

@: mighty
A: almost no armour, amphibious, 8 rings, camouflage 1, gelatinous body 1,
(nimble swimmer 1), tentacles
a: no special abilities


You were on level 2 of the Dungeon.
You visited 1 branch of the dungeon, and saw 2 of its levels.

You collected 44 gold pieces.

Inventory:

Hand Weapons
 a - a +0 rapier (weapon)
Armour
 b - a +0 buckler
Jewellery
 i - a ring of wizardry (left tentacle)
Scrolls
 d - a scroll of butterflies {unknown}
 e - a scroll of enchant weapon {unknown}
 f - a scroll of teleportation {unknown}
 h - 2 scrolls of identify {unknown}
Potions
 g - a potion of curing {unknown}


   Skills:
 - Level 3.0 Fighting
 - Level 2.0 Short Blades
 - Level 3.0 Dodging
 * Level 3.6 Stealth
 - Level 3.0 Shields


You had one spell level left.
You didn't know any spells.
Your spell library contained the following spells:

 Spells                   Type           Power      Damage    Failure   Level
 Sandblast                Erth           0%         2d4       16%         1
 Ensorcelled Hibernation  Hex/Ice        0%         N/A       22%         2
 Passwall                 Tmut/Erth      0%         N/A       22%         2
 Spider Form              Tmut/Pois      0%         N/A       41%         3
 Stone Arrow              Conj/Erth      0%         3d7       41%         3
 Anguish                  Hex/Necr       0%         N/A       80%         4


Dungeon Overview and Level Annotations

Branches:
Dungeon (2/15)

Altars:
Gozag


Innate Abilities, Weirdness & Mutations

You cannot wear most types of armour.
You are amphibious.
You can wear up to eight rings at the same time.
Your skin changes colour to match your surroundings (Stealth+).
Your rubbery body absorbs attacks. (AC +1, EV +1)
((You are camouflaged when in or above water. (Stealth+)))
You have tentacles for arms and can constrict up to eight enemies at once.


Message History

The endoplasm freezes you.
You are frozen.
The endoplasm hits you.
You are too injured to fight recklessly!
You are too injured to fight recklessly!
You hit the endoplasm but do no damage.
The endoplasm is heavily wounded.
The endoplasm freezes you.
You are frozen.
You feel very mighty all of a sudden. The endoplasm closely misses you.
You puncture the endoplasm!
You kill the endoplasm!
You open the door.
Found 9 gold pieces.
Found a stone staircase leading down.
A giant cockroach comes into view.
There is an open door here.
There is a stone staircase leading down here.
A gnoll comes into view. It is wielding a +0 spear.
A gnoll comes into view. It is wielding a +0 whip.
Found 10 gold pieces.
The gnoll shouts!
You hear a shout!
A gnoll comes into view. It is wielding a +0 flail.
The gnoll shouts!
Found 13 gold pieces.
The giant cockroach attacks as you move away!
The giant cockroach bites you but does no damage.
The giant cockroach attacks as you move away!
The giant cockroach bites you.
There is a stone staircase leading down here.
You puncture the giant cockroach!
You kill the giant cockroach!
You puncture the gnoll! Your grab misses the gnoll.
The gnoll is severely wounded.
The gnoll hits you from afar with a +0 spear!
* * * LOW HITPOINT WARNING * * *
The gnoll hits you with a +0 whip.
* * * LOW HITPOINT WARNING * * *
The gnoll closely misses you. The gnoll completely misses you.
The gnoll hits you with a +0 flail.
You die...

.. ####...... #.
#......... #. #........
#. #.......#+# #.
#.$.....#.############.
#......................
#.......#.######...†...
#.....@.'..............
#####gg.#.######.......
#####g..#.# #.._..#.
#.......#.# #.....#.
#.......#.# #.....#.
#.......#.# ###.....
#.......#.# #####
#.....###.# #.....#


You could see 3 gnolls.

Vanquished Creatures
  An adder (D:2)
  A bat (D:2)
  2 endoplasms (D:2)
  A giant cockroach (D:2)
  A goblin (D:2)
  2 hobgoblins (D:2)
  2 ball pythons
  A frilled lizard (D:2)
  A rat (D:2)
12 creatures vanquished.

Notes
Turn   | Place    | Note
-------+----------+-------------------------------------------
     0 | D:1      | BigDaddyOpFi the Octopode Fighter began the quest for the
                  | Orb.
     0 | D:1      | Reached XP level 1. HP: 16/16 MP: 1/1
    45 | D:1      | You fall into a shaft and drop 1 floor!
    88 | D:2      | Reached skill level 1 in Stealth
   178 | D:2      | Reached XP level 2. HP: 21/21 MP: 2/2
   212 | D:2      | Found an opulent altar of Gozag.
   253 | D:2      | HP: 1/21 [gnoll/+0 whip (3)]
   254 | D:2      | Slain by a gnoll

Illustrated notes

Levels and vault maps discovered:
D:1:      dpeg_arrival_solitude, layout_basic
D:2:      layout_basic, basic_altar

Skill      XL: |  1 |
---------------+----+-----
Stealth        | 3 |  3.6
Fighting       | |  3.0
Short Blades   | |  2.0
Dodging        | |  3.0
Shields        | |  3.0

Action                     || total
---------------------------++-------
  Melee: Rapier            ||    20
         Tentacles         ||     6
         Constrict         ||     5
    Use: Potion            ||     1
   Stab: Sleeping          ||     2
 Armour: Skin              ||     2
  Dodge: Dodged            ||     9

Table legend: (Time is in decaauts)
 A = Elapsed time spent in this place.
 B = Non-inter-level travel time spent in this place.
 C = Inter-level travel time spent in this place.
 D = Time resting spent in this place.
 E = Time spent auto-exploring this place.
 F = Levels seen in this place.
 G = Mean time per level.
                   A        B        C        D        E       F      G
               +--------+--------+--------+--------+--------+-----+--------+
         Total |    255 |    255 |      0 |      0 |    153 |   2 |  127.5 |
       Dungeon |    255 |    255 |      0 |      0 |    153 |   2 |  127.5 |
               +--------+--------+--------+--------+--------+-----+--------+

Top non-repeatable levels by time:
     D:2: 210 daAuts
     D:1: 45 daAuts
